 Dungeon Crawl Stone Soup version 0.29.1-15-g9cfb28693d (webtiles) character file.

Game seed: 14281872759975033535

466 croobank the Sneak (level 7, -2/48 HPs)
             Began as an Octopode Delver on Mar 6, 2023.
             Was an Initiate of Gozag.
             Slain by Ijyb
             ... wielding a +0 club
              (5 damage)
             ... on level 4 of the Dungeon.
             The game lasted 00:09:25 (5556 turns).

croobank the Sneak (Octopode Delver)                Turns: 5556, Time: 00:09:25

Health: -2/48      AC:  1    Str: 11    XL:     7   Next: 8%
Magic:  10/10      EV: 14    Int: 20    God:    Gozag
Gold:   161        SH:  0    Dex: 14    Spells: 8/10 levels left

rFire   . . .      SeeInvis .   s - +2 club (spect)
rCold   . . .      Faith    .   (no shield)
rNeg    . . .      Spirit   .   (helmet restricted)
rPois   .          Reflect  .   (no amulet)
rElec   .          Harm     .   o - +6 ring of intelligence
rCorr   +          Rampage  .   w - ring of resist corrosion
Will    .....                   (no ring)
Stlth   +++++.....              (no ring)
HPRegen 0.16/turn               (no ring)
MPRegen 0.12/turn               (no ring)
                                (no ring)
                                (no ring)

@: no status effects
A: almost no armour, amphibious, 8 rings, camouflage 1, gelatinous body 1,
(nimble swimmer 1), tentacles
a: Renounce Religion, Potion Petition, Call Merchant, Bribe Branch


You were on level 4 of the Dungeon.
You worshipped Gozag.
Gozag was aware of your devotion.
You visited 2 branches of the dungeon, and saw 7 of its levels.

You collected 271 gold pieces.
You paid 110 gold pieces to Gozag.

Inventory:

Hand Weapons
 a - a +0 hand axe
 m - a +0 dagger
 s - a +2 spectral club (weapon)
 y - a +3 short sword
 z - a +2 flail of draining
Missiles
 e - 4 poisoned darts (quivered)
Jewellery
 o - a +6 ring of intelligence (left tentacle)
 w - a ring of resist corrosion (right tentacle)
Wands
 f - a wand of digging (3)
 v - a wand of mindburst (17)
Scrolls
 b - 2 scrolls of fog
 c - a scroll of noise {unknown}
 d - a scroll of teleportation {unknown}
 g - 4 scrolls of identify {unknown}
 h - 3 scrolls of blinking {unknown}
 i - 3 scrolls of vulnerability {unknown}
 n - a scroll of torment {unknown}
 q - a scroll of amnesia {unknown}
 x - 2 scrolls of enchant armour {unknown}
 B - a scroll of enchant weapon {unknown}
Potions
 j - 2 potions of might {unknown}
 k - 4 potions of lignification {unknown}
 l - 3 potions of curing {unknown}
 r - 2 potions of mutation {unknown}
 t - 2 potions of ambrosia {unknown}
 u - a potion of heal wounds {unknown}
 A - a potion of berserk rage {unknown}


   Skills:
 + Level 4.2 Fighting
 - Level 3.0(3.2) Axes
 + Level 1.4(2.4) Maces & Flails
 + Level 3.5 Dodging
 + Level 7.9 Stealth
 * Level 2.1 Spellcasting
 * Level 2.2 Conjurations


You had 8 spell levels left.
You knew the following spells:

 Your Spells              Type           Power      Damage    Failure   Level
a - Searing Ray           Conj           22%        2d5       10%         2

Your spell library contained the following spells:

 Spells                   Type           Power      Damage    Failure   Level
 Magic Dart               Conj           44%        1d5       6%          1
 Sandblast                Erth           4%         2d4       16%         1
 Passwall                 Tmut/Erth      1%         N/A       24%         2
 Conjure Flame            Conj/Fire      6%         6-21      28%         3
 Stone Arrow              Conj/Erth      12%        3d7       28%         3
 Ignite Poison            Fire/Tmut/Pois 2%         N/A       43%         3
 Fulminant Prism          Conj/Hex       3%         3d6       67%         4
 Sticky Flame             Conj/Fire      6%         2d3       67%         4


Dungeon Overview and Level Annotations

Branches:
Dungeon (6/15)             Temple (1/1) D:4

Altars:
Ashenzari
Cheibriados
Dithmenos
Elyvilon
Fedhas
Gozag
Kikubaaqudgha
Makhleb
Nemelex Xobeh
Okawaru
Qazlal
Ru
Sif Muna
Trog
Uskayaw
Vehumet
Wu Jian
Xom
Yredelemnul
Zin
The Shining One

Annotations:
D:4 Ijyb
D:5 Dowan, Duvessa
D:6 Pikel


Innate Abilities, Weirdness & Mutations

You cannot wear most types of armour.
You are amphibious.
You can wear up to eight rings at the same time.
Your skin changes colour to match your surroundings (Stealth+).
Your rubbery body absorbs attacks. (AC +1, EV +1)
((You are camouflaged when in or above water. (Stealth+)))
You have tentacles for arms and can constrict up to eight enemies at once.


Message History

Dowan blinks!
There is a stone staircase leading up, spattered with blood here.
Dowan gestures wildly while chanting.
Dowan blinks!
You climb upwards.
There is a stone staircase leading down here.
You start resting.
HP restored.
You climb downwards.
Level annotation: Dowan, Duvessa, Ijyb
There is a stone staircase leading up, spattered with blood here.
Ijyb zaps a wand.
The bolt of dispelling energy hits you!!
Ijyb screams, "Me very upset!"
Ijyb zaps a wand.
The bolt of dispelling energy misses you.
Dowan hits you with a +0 dagger.
You climb upwards.
There is a stone staircase leading down here.
You closely miss Ijyb. Your grab misses Ijyb.
Your +2 spectral club hits Ijyb!
Ijyb hits you with a +0 club.
You hit Ijyb but do no damage. You grab Ijyb.
Ijyb is moderately wounded.
Your +2 spectral club hits Ijyb.
You constrict Ijyb, but do no damage. Ijyb hits you with a +0 club.
You hit Ijyb but do no damage. You squeeze Ijyb, but do no damage.
Ijyb is heavily wounded.
Your +2 spectral club hits Ijyb but does no damage.
You constrict Ijyb, but do no damage.
Ijyb zaps a wand.
The bolt of dispelling energy hits you!
* * * LOW HITPOINT WARNING * * *
Ijyb hits you with a +0 club.
* * * LOW HITPOINT WARNING * * *
Okay, then.
You hit Ijyb.
Ijyb is severely wounded.
Your +2 spectral club hits Ijyb but does no damage.
You constrict Ijyb, but do no damage. Ijyb hits you with a +0 club.
You die...
Your body crumbles into a pile of gold.

######......##...............
#............................
#............#......#........
#............#..........##...
#............#........###....
####......##.#....#..........
###.#.##.##...###..#####....
#........#.............#....
#[.........@...........#....
#........#g.##.....#.......#
#.........(.................
#............#.....#.#......
#............#.....#........
#............#..........#...
#............#.###..........
#........##.##.....##.....#.
#...[..รท..[.)..####.........


You could see Ijyb and a friendly +2 spectral club (summoned).

Vanquished Creatures
  Sigmund (D:3)
  2 hounds (D:4)
  An orc priest (D:4)
  An iguana (D:4)
  An orc wizard (D:3)
  Robin (D:2)
  A gnoll (D:4)
  3 adders
  3 worms (D:2)
  A dart slug (D:2)
  11 orcs
  10 ball pythons
  4 bats
  4 endoplasms
  2 giant cockroaches
  9 hobgoblins
  2 jackals (D:1)
  7 kobolds
  6 quokkas
  4 frilled lizards
  14 goblins
  5 rats
93 creatures vanquished.

Notes
Turn   | Place    | Note
-------+----------+-------------------------------------------
     0 | D:5      | croobank the Octopode Delver began the quest for the Orb.
     0 | D:5      | Reached XP level 1. HP: 16/16 MP: 1/1
     1 | D:6      | Noticed a lemure
     1 | D:6      | Noticed a lemure
     2 | D:6      | Noticed a lemure
     2 | D:6      | Noticed Pikel
    13 | D:5      | Noticed a phantom
    81 | D:4      | Found a staircase to the Ecumenical Temple.
    84 | D:4      | Found a stormy altar of Qazlal.
    88 | D:4      | Noticed an iguana
   100 | D:4      | Killed an iguana
   101 | D:4      | Reached XP level 2. HP: 11/21 MP: 2/2
   101 | D:4      | Reached XP level 3. HP: 14/26 MP: 3/3
   109 | Temple   | Entered the Ecumenical Temple
   795 | D:2      | Reached skill level 7 in Stealth
  1394 | D:1      | Found a faded altar of an unknown god.
  1988 | D:2      | Reached XP level 4. HP: 25/31 MP: 4/4
  2494 | D:2      | Noticed Robin
  3452 | D:2      | Killed Robin
  3453 | D:2      | Reached XP level 5. HP: 32/37 MP: 5/5
  3876 | D:3      | Learned a level 2 spell: Searing Ray
  3998 | D:3      | Noticed Sigmund
  4002 | D:3      | Killed Sigmund
  4003 | D:3      | Reached skill level 1 in Maces & Flails
  4003 | D:3      | Reached skill level 1 in Spellcasting
  4003 | D:3      | Reached skill level 1 in Conjurations
  4003 | D:3      | Reached XP level 6. HP: 39/43 MP: 5/8
  4907 | D:4      | Identified the +0 pair of boots of the Little Devil {Will+
                  | Str+4}
  5059 | D:4      | Found a glowing golden altar of the Shining One.
  5059 | D:4      | Found an opulent altar of Gozag.
  5063 | D:4      | Became a worshipper of Gozag Ym Sagoz the Greedy
  5177 | D:4      | Reached XP level 7. HP: 39/48 MP: 8/10
  5305 | D:5      | Noticed Dowan
  5305 | D:5      | Noticed Ijyb
  5320 | D:5      | Noticed Duvessa
  5555 | D:4      | HP: 2/48 [Ijyb/+0 club (6)]
  5556 | D:4      | Slain by Ijyb

Illustrated notes

Levels and vault maps discovered:
D:1:      dpeg_arrival_solitude, layout_loops_ring,
          shapermc_ecumenical_altar_mp_urbaneastern, nrook_uturn,
          chequers_serial_rivers_micro_e
D:2:      layout_loops_cross, uniq_robin
D:3:      layout_loops_corners, uniq_sigmund
D:4:      layout_basic, gammafunk_temple_overflow_wave,
          nicolae_qazlal_general_emergency,
          minmay_temple_entry_statues_fountains, cheibrodos_gnoll_hut
D:5:      layout_loops_corners, nrook_pool_corridor, uniq_eustachio, uniq_ijyb,
          uniq_duvessa
D:6:      layout_loops_corners, uniq_pikel, uniq_maggie
Temple:   mainiacjoe_temple_bowtie_tessellation

Skill      XL: |  1  2  3  4  5  6 |
---------------+-------------------+-----
Stealth        | 7 |  7.9
Axes           | 3 |  3.0
Dodging        | 3 |  3.5
Fighting       | 4 |  4.2
Maces & Flails | 1 |  1.4
Spellcasting   | 1 2 |  2.1
Conjurations   | 1 2 |  2.2

Action                   |  1- 3 |  4- 6 |  7- 9 || total
-------------------------+-------+-------+-------++-------
Melee: Hand axe          |    63 |    53 |       ||   116
       Tentacles         |    15 |    25 |     4 ||    44
       Constrict         |    15 |    34 |     3 ||    52
       Punch             |     1 |     3 |       ||     4
       Club              |       |    58 |    10 ||    68
Throw: Dart              |     3 |       |       ||     3
  Use: Scroll            |     2 |       |     1 ||     3
       Potion            |     1 |       |       ||     1
 Stab: Sleeping          |     9 |    15 |       ||    24
       Distracted        |       |     2 |       ||     2
Armor: Skin              |     5 |     8 |       ||    13
Dodge: Dodged            |    48 |    93 |     5 ||   146
